 Dungeon Crawl Stone Soup version 0.31-a0-1178-gc5c9b8f871 (webtiles) character file.

Game seed: 16142401971475019420

2687 qw the Skirmisher (level 9, -13/56 HPs)
             Began as a Gargoyle Hunter on Dec 11, 2023.
             Was a Priest of Okawaru.
             Mangled by a two-headed ogre
             ... wielding a +0 giant spiked club
              (15 damage)
             ... on level 8 of the Dungeon.
             The game lasted 00:02:37 (6462 turns).

qw the Skirmisher (Gargoyle Hunter)                 Turns: 6462, Time: 00:02:38

Health: -13/56     AC: 19    Str: 15    XL:     9   Next: 64%
Magic:  12/12      EV: 11    Int: 10    God:    Okawaru [***...]
Gold:   297        SH:  0    Dex: 17    Spells: 8/8 levels left

rFire   . . .        f - +1 orcbow
rCold   + . .        (shield currently unavailable)
rNeg    + . .        b - +0 ring mail
rPois   inf          k - +0 helmet
rElec   +            h - +1 cloak
rCorr   .            (no gloves)
SInv    .            (no boots)
Will    .....        (no amulet)
Stlth   +            a - ring of protection from cold
HPRegen 0.29/turn    j - +4 ring of protection
MPRegen 0.13/turn

%: no passive effects
@: about to teleport
A: sickness immunity, AC +6, negative energy resistance 1, electricity
resistance, torment resistance 1, petrification resistance
a: Renounce Religion, Heroism


You were on level 8 of the Dungeon.
You worshipped Okawaru.
Okawaru was most pleased with you.
You visited 2 branches of the dungeon, and saw 9 of its levels.

You collected 410 gold pieces.
You spent 113 gold pieces at shops.


Innate Abilities, Weirdness & Mutations

You are immune to sickness and miasma.
Your stone body is resilient. (AC +6)
You are immune to poison.
You resist negative energy. (rN+)
You are resistant to electric shocks. (rElec)
You are resistant to unholy torment.
You are immune to petrification.


   Skills:
 + Level 6.9 Fighting
 - Level 10.7 Ranged Weapons
 - Level 3.6 Armour
 - Level 2.2 Dodging
 - Level 1.1 Stealth
 - Level 4.0 Invocations


You had 8 spell levels left.
You didn't know any spells.
Your spell library was empty.

Inventory:

Hand Weapons
 f - a +1 orcbow (weapon)
Armour
 b - a +0 ring mail (worn)
 e - the +2 robe of the Blind Marksman {+Inv rF- Slay+2 Archmagi}
   (You found it on level 2 of the Dungeon)

   Slay+2:    It affects your accuracy & damage with ranged weapons and melee
   (+2).
   rF-:       It makes you vulnerable to fire.
   +Inv:      It lets you turn invisible.
   Archmagi:  It increases the power of your magical spells.
 h - a +1 cloak (worn)
 k - a +0 helmet (worn)
 l - a +0 pair of gloves
Jewellery
 a - a ring of protection from cold (left hand)
 j - a +4 ring of protection (right hand)
 Y - a ring of resist corrosion
Wands
 n - a wand of mindburst (25)
Potions
 c - a potion of enlightenment
 g - a potion of magic
 i - a potion of lignification {unknown}
 m - a potion of brilliance {unknown}
 o - a potion of resistance {unknown}

Dungeon Overview and Level Annotations

Branches:
Dungeon (8/15)             Temple (1/1) D:5
   Lair: D:8-11

Altars:
Ashenzari
Cheibriados
Dithmenos
Elyvilon
Fedhas
Gozag
Hepliaklqana
Kikubaaqudgha
Makhleb
Nemelex Xobeh
Okawaru
Qazlal
Ru
Sif Muna
Trog
Vehumet
Wu Jian
Yredelemnul
Zin
The Shining One

Shops:
D:4 ?(

Annotations:
D:3 3 runed translucent doors, qw's ghost, amateur GrHu


Message History

The arrow hits the two-headed ogre but does no damage.
You shoot an arrow. The arrow hits the two-headed ogre.
The two-headed ogre is lightly wounded.
You shoot an arrow. The arrow hits the two-headed ogre.
The two-headed ogre is lightly wounded.
You shoot an arrow. The arrow hits the two-headed ogre.
The two-headed ogre is lightly wounded.
You shoot an arrow.
The arrow hits the two-headed ogre but does no damage.
The two-headed ogre is lightly wounded.
You shoot an arrow.
The arrow hits the two-headed ogre but does no damage.
The two-headed ogre is lightly wounded.
The two-headed ogre hits you with a +0 giant spiked club!
The two-headed ogre closely misses you.
You shoot an arrow. The arrow hits the two-headed ogre!
The two-headed ogre is moderately wounded.
You shoot an arrow. The arrow hits the two-headed ogre!!
The two-headed ogre is severely wounded.
The two-headed ogre closely misses you.
The two-headed ogre hits you with a +0 giant club!
You shoot an arrow. The arrow hits the two-headed ogre.
The two-headed ogre is severely wounded.
The two-headed ogre closely misses you.
The two-headed ogre hits you with a +0 giant club!
You shoot an arrow. The arrow hits the two-headed ogre.
The two-headed ogre is severely wounded.
You shoot an arrow. The arrow hits the two-headed ogre.
The two-headed ogre is severely wounded.
The two-headed ogre hits you with a +0 giant spiked club!
The two-headed ogre hits you with a +0 giant club.
6461 ||| READING scroll of teleportation.
As you read the scroll of teleportation, it crumbles to dust.
You feel strangely unstable.
The two-headed ogre completely misses you.
The two-headed ogre hits you with a +0 giant club.
You shoot an arrow. The arrow hits the two-headed ogre.
The two-headed ogre is almost dead.
The two-headed ogre hits you with a +0 giant spiked club!
You die...

..........###### ##......#.# #..
..g ##......#.###.# #g#
##......#...#.# ...
##......###...## #.###
...............# ....
##.............# #####.####
.....#.........########........#
...............O@.).)....).....#
####..............#####........#
...#.......#......### ##.......#
##.#.......#......'.# #.......#
...#.......#......#.####.......#
####.......#####.......#.......#
#.......# #.......#.......#
####.......# #.........####...
.....# #.........# ####


You could see a two-headed ogre.

Vanquished Creatures
  A two-headed ogre (D:8)
  A wyvern (D:6)
  Menkaure (D:7)
  An orc warrior (D:7)
  A sky beast (D:8)
  2 ice beasts
  2 black bears
  An ogre (D:7)
  3 centaurs
  A phantom (D:6)
  A kobold brigand (D:7)
  A bullfrog (D:7)
  3 killer bees (D:8)
  3 howler monkeys (D:8)
  An orc priest (D:3)
  4 hounds
  A sleepcap (D:7)
  An iguana (D:5)
  4 orc wizards
  2 gnolls
  7 adders
  A white imp (D:7)
  4 ufetubi
  3 worms
  2 dart slugs
  16 orcs
  10 endoplasms
  4 giant cockroaches
  10 hobgoblins
  10 jackals
  11 kobolds
  A quokka (D:4)
  8 ball pythons
  8 bats
  5 frilled lizards
  8 rats
143 creatures vanquished.

Vanquished Creatures (others)
  A ball python (D:4)
1 creature vanquished.

Grand Total: 144 creatures vanquished

Notes
Turn   | Place    | Note
-------+----------+-------------------------------------------
     0 | D:1      | qw the Gargoyle Hunter began the quest for the Orb.
     0 | D:1      | Reached XP level 1. HP: 12/12 MP: 1/1
     0 | D:1      | 0 ||| qw: Version: 0.3-a-106-g2cfff9e
     0 | D:1      | 0 ||| qw: Game counter: 1995
     0 | D:1      | 0 ||| qw: Melee chars always use a shield: true
     0 | D:1      | 0 ||| qw: God list: Okawaru
     0 | D:1      | 0 ||| qw: Allow faded altars: false
     0 | D:1      | 0 ||| qw: Do Orc after clearing Dungeon:15 true
     0 | D:1      | 0 ||| qw: Do second Lair branch before Depths: true
     0 | D:1      | 0 ||| qw: Lair rune preference: random
     0 | D:1      | 0 ||| qw: Goals: Normal, Save, Zot:1-4, Win
     0 | D:1      | 0 ||| PLANNING D:1-11
   146 | D:1      | HP: 1/12 [gnoll/+0 whip (7)]
   147 | D:1      | 147 ||| DRINKING emerald potion.
   151 | D:1      | HP: 2/12 [gnoll/+0 whip (1)]
   156 | D:1      | Reached XP level 2. HP: 4/17 MP: 2/2
   575 | D:1      | Reached XP level 3. HP: 21/21 MP: 3/3
   585 | D:1      | Reached skill level 5 in Ranged Weapons
   962 | D:1      | 962 ||| DROPPING amulet of magic regeneration.
   963 | D:1      | 963 ||| READING 3 scrolls labelled TEDOCO QAAFEH.
   968 | D:1      | 968 ||| READING scroll labelled XIHEFA PYL UPU.
  1069 | D:1      | 1069 ||| READING scroll labelled IKIORU YNAOFE.
  1070 | D:1      | 1070 ||| DROPPING scroll of butterflies.
  1121 | D:2      | Found a faded altar of an unknown god.
  1135 | D:2      | Found a radiant altar of Vehumet.
  1170 | D:2      | Identified the +2 robe of the Blind Marksman {+Inv rF-
                  | Slay+2 Archmagi}
  1272 | D:2      | Reached skill level 3 in Fighting
  1272 | D:2      | Reached XP level 4. HP: 28/28 MP: 4/4
  1604 | D:2      | 1604 ||| UPGRADING to +0 ring mail.
  1614 | D:2      | 1614 ||| DROPPING +0 leather armour.
  1615 | D:2      | 1615 ||| UPGRADING to +1 cloak.
  1620 | D:2      | 1620 ||| READING scroll labelled XIUPEI BOSTU.
  1637 | D:3      | 1637 ||| STAIRDANCE
  1666 | D:3      | Reached skill level 1 in Armour
  1858 | D:3      | Reached XP level 5. HP: 32/32 MP: 5/5
  1877 | D:3      | HP: 4/32 [orc priest/divine providence (10)]
  1878 | D:3      | 1878 ||| READING 4 scrolls of teleportation.
  1879 | D:3      | 1879 ||| DRINKING fizzy grey potion.
  1879 | D:3      | HP: 1/32 [orc priest/+0 short sword (4)]
  1880 | D:3      | 1880 ||| DRINKING blue potion.
  1881 | D:3      | 1881 ||| DRINKING grey potion.
  1885 | D:3      | 1885 ||| STAIRDANCE
  1992 | D:2      | 1992 ||| READING scroll labelled VINGEH CORIA.
  1992 | D:2      | 1992 ||| IDENTIFYING smoky cyan potion
  2124 | D:3      | Identified the +7 flail "Jellybane" {heavy, rC+ Int+4
                  | Stlth+}
  2164 | D:3      | Reached skill level 6 in Ranged Weapons
  2350 | D:3      | Found a runed translucent gate.
  2351 | D:3      | Found a runed translucent gate.
  2351 | D:3      | Found an opulent altar of Gozag.
  2352 | D:3      | Found a runed translucent gate.
  2354 | D:3      | Noticed qw's ghost (amateur GrHu)
  2571 | D:3      | 2571 ||| UPGRADING to ring of resist corrosion.
  2572 | D:3      | 2572 ||| READING scroll labelled REIFAB MASOSI.
  2573 | D:3      | 2573 ||| READING scroll labelled ACRIUFIFOFF.
  2618 | D:4      | Found Mumeso's Antique Weapon Shop.
  2635 | D:4      | 2635 ||| BUYING orcbow (87 gold).
  2635 | D:4      | Bought an orcbow for 87 gold pieces
  2635 | D:4      | 2635 ||| SHOPLISTING runed hand cannon (162 gold, have 40).
  2635 | D:4      | 2635 ||| SWAPPING to +0 orcbow.
  2636 | D:4      | 2636 ||| DROPPING +0 shortbow.
  2688 | D:4      | Noticed a black bear
  2699 | D:4      | HP: 5/33 [black bear (5)]
  2700 | D:4      | 2700 ||| READING 3 scrolls of teleportation.
  2700 | D:4      | HP: 2/33 [black bear (2)]
  2701 | D:4      | 2701 ||| DRINKING potion of heal wounds.
  2704 | D:4      | Killed a black bear
  2705 | D:4      | Reached XP level 6. HP: 17/40 MP: 6/6
  2710 | D:4      | HP: 10/40 [ball python (3)]
  2711 | D:4      | 2711 ||| READING 2 scrolls of teleportation.
  2711 | D:4      | HP: 3/40 [hobgoblin (3)]
  2715 | D:4      | 2715 ||| READING scroll of teleportation.
  2724 | D:4      | 2724 ||| FLEEEEING.
  2907 | D:4      | Found Qanole's Magic Scroll Emporium.
  2915 | D:4      | 2915 ||| BUYING scroll of identify (26 gold).
  2915 | D:4      | Bought a scroll of identify for 26 gold pieces
  2915 | D:4      | 2915 ||| SHOPLISTING scroll of identify (26 gold, have 22).
  2915 | D:4      | 2915 ||| SHOPLISTING scroll of teleportation (39 gold, have
                  | 22).
  3097 | D:4      | 3097 ||| UPGRADING to +0 helmet.
  3102 | D:4      | 3102 ||| READING scroll of identify.
  3102 | D:4      | 3102 ||| IDENTIFYING ruby potion
  3103 | D:4      | 3103 ||| DRINKING 2 white potions.
  3104 | D:4      | 3104 ||| DROPPING potion of degeneration.
  3112 | D:5      | Entered Level 5 of the Dungeon
  3124 | D:5      | Found a staircase to the Ecumenical Temple.
  3125 | D:5      | 3125 ||| PLANNING TEMPLE
  3130 | Temple   | Entered the Ecumenical Temple
  3131 | Temple   | 3131 ||| PLANNING OKAWARU WORSHIP
  3144 | Temple   | Became a worshipper of Warmaster Okawaru
  3145 | Temple   | 3145 ||| PLANNING D:1-11
  3887 | D:5      | Reached skill level 7 in Ranged Weapons
  3887 | D:5      | Reached XP level 7. HP: 44/44 MP: 7/7
  3984 | D:5      | 3984 ||| UPGRADING to +4 ring of protection.
  3985 | D:5      | 3985 ||| READING scroll labelled WULULU FEORYIR.
  4088 | D:6      | Noticed a wyvern
  4093 | D:6      | Killed a wyvern
  4093 | D:6      | Reached * piety under Okawaru
  4319 | D:6      | Reached skill level 1 in Invocations
  4376 | D:6      | Reached skill level 8 in Ranged Weapons
  4376 | D:6      | Reached XP level 8. HP: 39/48 MP: 9/9
  4810 | D:6      | 4810 ||| UPGRADING to ring of protection from cold.
  4948 | D:7      | Reached skill level 3 in Invocations
  5026 | D:7      | HP: 12/49 [orc warrior/+0 scimitar (6)]
  5027 | D:7      | 5027 ||| READING 3 scrolls of teleportation.
  5030 | D:7      | 5030 ||| DRINKING potion of heal wounds.
  5527 | D:7      | Reached ** piety under Okawaru
  5565 | D:7      | Noticed Menkaure
  5572 | D:7      | Killed Menkaure
  5573 | D:7      | Reached skill level 9 in Ranged Weapons
  5941 | D:7      | Reached skill level 6 in Fighting
  5944 | D:7      | 5944 ||| DRINKING potion of curing.
  5944 | D:7      | 5944 ||| (to cure confusion)
  6008 | D:7      | 6008 ||| READING scroll of identify.
  6008 | D:7      | 6008 ||| IDENTIFYING fuming coppery potion
  6009 | D:7      | 6009 ||| READING scroll labelled NUGIESTR TEFEC.
  6009 | D:7      | 6009 ||| ENCHANTING +0 orcbow.
  6080 | D:8      | 6080 ||| RETREEAATING.
  6083 | D:8      | 6083 ||| STILL RETREEAATING.
  6084 | D:8      | 6084 ||| STILL RETREEAATING.
  6085 | D:8      | 6085 ||| STILL RETREEAATING.
  6086 | D:8      | 6086 ||| STILL RETREEAATING.
  6087 | D:8      | 6087 ||| STILL RETREEAATING.
  6089 | D:8      | 6089 ||| Stepping ~*~*~tactically~*~*~ (retreating).
  6093 | D:8      | Reached XP level 9. HP: 51/55 MP: 12/12
  6112 | D:8      | Noticed a two-headed ogre
  6121 | D:8      | Killed a two-headed ogre
  6121 | D:8      | Reached *** piety under Okawaru
  6122 | D:8      | Reached skill level 10 in Ranged Weapons
  6162 | D:8      | Reached skill level 3 in Armour
  6295 | D:8      | Noticed a two-headed ogre
  6300 | D:8      | HP: 11/56 [two-headed ogre/+0 giant spiked club (22)]
  6301 | D:8      | 6301 ||| READING 2 scrolls of teleportation.
  6301 | D:8      | HP: 5/56 [two-headed ogre/+0 giant spiked club (7)]
  6435 | D:8      | 6435 ||| FLEEEEING.
  6436 | D:8      | 6436 ||| FLEEEEING.
  6460 | D:8      | HP: 7/56 [two-headed ogre/+0 giant spiked club (11)]
  6461 | D:8      | 6461 ||| READING scroll of teleportation.
  6461 | D:8      | HP: 1/56 [two-headed ogre/+0 giant spiked club (5)]
  6462 | D:8      | Mangled by a two-headed ogre

Levels and vault maps discovered:
D:1:      mrwooster_arrival_statue, layout_loops_corners, serial_forest,
          infiniplex_forest_clump_tiny, infiniplex_forest_lined_3,
          infiniplex_forest_diagonal, infiniplex_forest_end_3,
          infiniplex_forest_clump_double, infiniplex_forest_end_2
D:2:      layout_rooms, basic_altar, basic_ecumenical_altar
D:3:      layout_loops_cross, ebering_ghost_gozag,
          hangedman_abyss_or_decor_stabs, minmay_checkerbox
D:4:      layout_rooms, serial_shops, nicolae_shop_getting_attention,
          nicolae_shop_tiny_statue_garden
D:5:      layout_loops_corners, minmay_temple_entry_statues_fountains
D:6:      layout_basic
D:7:      layout_loops_corners, uniq_menkaure
D:8:      layout_basic, enter_bailey_2
Temple:   nicolae_temple_slightly_damp_pantheon

Skill      XL: |  1  2  3  4  5  6  7  8  9 |
---------------+----------------------------+-----
Ranged Weapons | 5 6 7 8 9 10 | 10.7
Fighting       | 3 4 6 |  6.9
Armour         | 1 2 3 |  3.6
Invocations    | 2 4 |  4.0
Dodging        | 2 |  2.2
Stealth        | |  1.1

Action                     |  1- 3 |  4- 6 |  7- 9 || total
---------------------------+-------+-------+-------++-------
   Fire: Shortbow          |   111 |   166 |       ||   277
         Orcbow            |       |    81 |   276 ||   357
    Use: Potion            |     1 |     5 |     2 ||     8
         Scroll            |     3 |     9 |     6 ||    18
 Armour: Leather armour    |    25 |    53 |       ||    78
         Ring mail         |       |   112 |   204 ||   316
  Dodge: Dodged            |    27 |   145 |   143 ||   315

Table legend:
 A = Non-vault XP
 B = Vault XP
 C = Vault XP percentage of total XP
 D = Non-vault monster count
 E = Vault monster count
 F = Vault count percentage of total count
                 A         B        C        D         E       F
            +---------+---------+-------+---------+---------+-------
      Total |    3648 |     191 |   5.0 |     138 |       5 |   3.5
            +---------+---------+-------+---------+---------+-------
        D:1 |      57 |       0 |   0.0 |      27 |       0 |   0.0
        D:2 |      48 |       0 |   0.0 |      18 |       0 |   0.0
        D:3 |     150 |      19 |  11.2 |      28 |       4 |  12.5
        D:4 |     190 |       0 |   0.0 |      13 |       0 |   0.0
        D:5 |     185 |       0 |   0.0 |      10 |       0 |   0.0
        D:6 |     750 |       0 |   0.0 |      10 |       0 |   0.0
        D:7 |     758 |     172 |  18.5 |      18 |       1 |   5.3
        D:8 |    1510 |       0 |   0.0 |      14 |       0 |   0.0
            +---------+---------+-------+---------+---------+-------
